 Dungeon Crawl Stone Soup version 0.22.1-1-ga44c0e5 (webtiles) character file.

7893 rabbit the Thaumaturge (level 11, -3/81 HPs)
             Began as a Gnoll Wizard on Oct 11, 2018.
             Was a Follower of Ashenzari.
             Hit by a javelin thrown by a minotaur (28 damage)
             ... in a labyrinth.
             The game lasted 01:54:47 (18808 turns).

rabbit the Thaumaturge (Gnoll Wizard)              Turns: 18808, Time: 01:54:48

Health: -3/81      AC: 11    Str: 10    XL:     11   Next: 22%
Magic:  12/24      EV: 17    Int: 23    God:    Ashenzari [*.....]
Gold:   746        SH:  5    Dex: 14    Spells: 3/28 levels left

rFire    + . .     SeeInvis .   a - +0 short sword (protect)
rCold    + . .     Gourm    .   K - +0 buckler
rNeg     . . .     Faith    .   t - +2 robe {rF+} (curse)
rPois    +         Spirit   .   Q - +0 helmet
rElec    .         Reflect  .   v - +0 cloak
rCorr    .         Harm     .   H - +0 pair of gloves
MR       .....                  I - +2 pair of boots {Stlth+} (curse)
Stlth    +++++.....             (no amulet)
HPRegen  0.23/turn              N - ring of protection from cold (curse)
MPRegen  0.19/turn              p - ring of poison resistance

@: no status effects
A: distributed training, fangs 1, strong nose
a: Curse Item, Scrying, Renounce Religion


You were in a labyrinth.
You worshipped Ashenzari.
Ashenzari was aware of your devotion.
You were not hungry.

You visited 2 branches of the dungeon, and saw 12 of its levels.
You also visited: Labyrinth.

You collected 746 gold pieces.

Inventory:

Hand Weapons
 a - a +0 short sword of protection (weapon)
 b - a +6 hunting sling
 G - a +0 short sword
 T - a +0 hunting sling
 U - a +0 quarterstaff
Missiles
 e - 429 stones
 i - 188 arrows
 n - 148 sling bullets (quivered)
Armour
 h - a +0 robe
 r - a +0 pair of gloves
 t - a cursed +2 robe of fire resistance (worn)
 u - a +0 hat
 v - a +0 cloak (worn)
 z - a +0 pair of boots
 D - a +2 robe of positive energy
 H - a +0 pair of gloves (worn)
 I - a cursed +2 pair of boots of stealth (worn)
 K - a +0 buckler (worn)
 Q - a +0 helmet (worn)
Jewellery
 k - an uncursed ring of flight
 l - an uncursed amulet of harm
 p - a ring of poison resistance (right hand)
 C - an uncursed ring of ice
 N - a cursed ring of protection from cold (left hand)
Wands
 x - a wand of digging (13)
 L - a wand of flame (62)
 M - a wand of paralysis (23)
 P - a wand of iceblast (5)
Scrolls
 f - a scroll of fear
 m - 6 scrolls of identify
 w - a scroll of amnesia
 y - a scroll of enchant armour
 B - a scroll of random uselessness {unknown}
 E - a scroll of fog {unknown}
 J - a scroll of noise {unknown}
 O - 5 scrolls of teleportation
 S - a scroll of remove curse
 V - a scroll of blinking {unknown}
 W - a scroll of acquirement {unknown}
Potions
 c - 2 potions of mutation {unknown}
 g - a potion of ambrosia {unknown}
 j - 4 potions of heal wounds
 o - 5 potions of curing
 q - a potion of cancellation {unknown}
 s - 3 potions of degeneration
 A - 2 potions of might
 F - 5 potions of haste
 R - a potion of brilliance {unknown}
Comestibles
 d - 13 rations


   Skills:
 + Level 6.0 Fighting
 + Level 6.0 Short Blades
 + Level 6.0 Long Blades
 + Level 6.0 Axes
 + Level 6.0 Maces & Flails
 + Level 6.0 Polearms
 + Level 6.0 Staves
 + Level 6.0 Slings
 + Level 6.0 Bows
 + Level 6.0 Crossbows
 + Level 6.0 Throwing
 + Level 6.0 Armour
 + Level 7.6 Dodging
 + Level 7.4 Stealth
 + Level 6.0 Shields
 + Level 6.0 Unarmed Combat
 + Level 9.4 Spellcasting
 + Level 5.4 Conjurations
 + Level 4.9 Hexes
 + Level 4.9 Charms
 + Level 5.4 Summonings
 + Level 4.9 Necromancy
 + Level 5.4 Translocations
 + Level 4.9 Transmutations
 + Level 4.9 Fire Magic
 + Level 4.9 Ice Magic
 + Level 4.9 Air Magic
 + Level 4.9 Earth Magic
 + Level 4.9 Poison Magic
 + Level 6.5 Invocations
 + Level 6.0 Evocations


You had 3 spell levels left.
You knew the following spells:

 Your Spells              Type           Power        Failure   Level  Hunger
a - Magic Dart            Conj           ####         1%          1    None
b - Call Imp              Summ           #####...     1%          2    None
c - Blink                 Tloc           N/A          1%          2    None
d - Conjure Flame         Conj/Fire      ####....     2%          3    None
e - Mephitic Cloud        Conj/Pois/Air  ####....     2%          3    None
f - Confuse               Hex            ####....     2%          3    None
g - Tukima's Dance        Hex            ####....     2%          3    None
h - Summon Ice Beast      Ice/Summ       ####....     7%          4    ##.....
i - Summon Lightning Spi  Summ/Air       ####....     7%          4    ##.....

Your spell library contained the following spells:

 Spells                   Type           Power        Failure   Level  Hunger
 Corona                   Hex            ####...      1%          1    None
 Summon Small Mammal      Summ           ####         1%          1    None
 Ensorcelled Hibernation  Hex/Ice        ####..       1%          2    None
 Slow                     Hex            ####....     1%          2    None
 Call Canine Familiar     Summ           #####...     1%          3    None
 Dazzling Spray           Conj/Hex       ####..       2%          3    None
 Summon Guardian Golem    Hex/Summ       ####....     2%          3    None


Dungeon Overview and Level Annotations

Branches:
Dungeon (11/15)            Temple (1/1) D:4
   Lair: D:8-11         Orc: D:9-12

Altars:
Ashenzari
Cheibriados
Dithmenos
Elyvilon
Fedhas
Gozag
Hepliaklqana
Kikubaaqudgha
Makhleb
Nemelex Xobeh
Okawaru
Qazlal
Ru
Sif Muna
Trog
Uskayaw
Vehumet
Wu Jian
Xom
Yredelemnul
Zin
The Shining One


Innate Abilities, Weirdness & Mutations

Your experience applies equally to all skills.
You have very sharp teeth.
Your uncanny sense of smell can sniff out nearby items.


Message History

The fire ignites!
The minotaur throws a javelin.
The javelin completely misses you.
Casting: Conjure Flame (safe; 2% risk of failure)
Confirm with . or Enter, or press ? or * to list all spells.
Aiming: Tukima's Dance (safe; 2% risk of failure)
Press: ? - help, Shift-Dir - straight line, f - minotaur
Aim: a minotaur, wielding a dagger of speed, wearing a plate armour, wearing an The minotaur resists with almost no effort.
The minotaur throws a javelin.
The javelin barely misses you.
You swap places.
Your crimson imp blinks!
The minotaur throws a javelin.
The javelin hits you.
You see here a javelin.
Casting: Tukima's Dance (safe; 2% risk of failure)
Confirm with . or Enter, or press ? or * to list all spells.
Aiming: Conjure Flame (safe; 2% risk of failure)
Press: ? - help, Dir - move target cursor, p - minotaur The fire ignites!
The minotaur throws a javelin.
You block the javelin.
The minotaur throws a javelin.
The javelin hits you!!
You die...

# ≈ # #...# ≈
#. # #.#.# . .
. #...#.# ≈.
###.#.##..#
###≈ .
#.5.((H.# ≈ ≈≈
# #.##(##§# .
.... #8. #.# #
## .
.#...#(###
....#.
.#8.8#@..# #
.###.#∆./#...#
....#8.8#.#.#
# ##
.#=.:#.#.# .
... # # #.#..
≈ ### .# ###.#
#. [!%≈..
..#... ..# .#
( ## ###.#.# #
[ #.#...#...


You could see a minotaur.

Vanquished Creatures
  2 two-headed ogres
  Pikel (D:8)
  A guardian serpent (D:10)
  Psyche (D:9)
  Joseph (D:9)
  A centaur skeleton (D:8)
  2 hornets
  Grinder (D:4)
  A hippogriff (D:7)
  2 wraiths
  2 hungry ghosts
  A soldier ant (D:8)
  3 slaves (D:7)
  An orc warrior (D:7)
  2 ice beasts
  3 phantoms
  2 centaurs
  6 ogres
  3 bullfrogs
  A big kobold (D:8)
  An earth elemental (Lab)
  A scorpion (D:6)
  2 killer bees (D:9)
  A howler monkey (D:7)
  6 hounds
  3 jellies
  4 orc priests
  2 centaur zombies
  Jessica (D:2)
  An iguana (D:6)
  Natasha (D:2)
  6 worker ants
  5 orc wizards
  A hound skeleton (D:7)
  2 howler monkey zombies
  A worker ant zombie (D:5)
  3 gnolls
  5 adders
  3 shadow imps
  An ooze (D:1)
  3 adder skeletons
  2 worms
  4 leopard geckos
  17 orcs
  3 giant cockroaches
  6 hobgoblins
  3 jackals
  14 kobolds
  2 quokkas
  4 bats
  3 frilled lizards
  A giant cockroach zombie (D:6)
  8 goblins
  A quokka skeleton (D:5)
  5 rats
163 creatures vanquished.

Vanquished Creatures (collateral kills)
  A hippogriff (D:7)
  A wyvern (D:8)
  A soldier ant (D:8)
  A sky beast (D:7)
  A slave (D:7)
  A centaur (D:7)
  An ogre (D:8)
  A crocodile (D:7)
  A big kobold (D:8)
  5 bullfrogs
  A gnoll sergeant (D:9)
  A scorpion (D:9)
  6 killer bees
  A howler monkey (D:7)
  2 crimson imps (D:5)
  An orc priest (D:8)
  2 gnoll shamans
  Natasha (twice) (D:2)
  2 orc wizards
  A worker ant (D:4)
  A hound skeleton (D:10)
  2 adders
  6 gnolls
  2 shadow imps (D:6)
  15 orcs
  3 jackals
  A quokka (D:6)
  A frilled lizard (D:5)
  6 kobolds (D:8)
70 creatures vanquished.

Vanquished Creatures (others)
  2 dancing weapons (D:9)
  A hornet (D:8)
3 creatures vanquished.

Grand Total: 236 creatures vanquished

Notes
Turn   | Place    | Note
-------+----------+-------------------------------------------
     0 | D:1      | rabbit the Gnoll Wizard began the quest for the Orb.
     0 | D:1      | Reached XP level 1. HP: 13/13 MP: 8/8
   162 | D:1      | Reached XP level 2. HP: 20/20 MP: 0/10
   698 | D:1      | Reached XP level 3. HP: 24/25 MP: 2/11
  1047 | D:2      | Found a shimmering altar of Xom.
  1105 | D:2      | Noticed Jessica
  1110 | D:2      | Killed Jessica
  1110 | D:2      | Reached skill level 1 in Fighting
  1110 | D:2      | Reached skill level 1 in Short Blades
  1110 | D:2      | Reached skill level 1 in Long Blades
  1110 | D:2      | Reached skill level 1 in Axes
  1110 | D:2      | Reached skill level 1 in Maces & Flails
  1110 | D:2      | Reached skill level 1 in Polearms
  1110 | D:2      | Reached skill level 1 in Staves
  1110 | D:2      | Reached skill level 1 in Slings
  1110 | D:2      | Reached skill level 1 in Bows
  1110 | D:2      | Reached skill level 1 in Crossbows
  1110 | D:2      | Reached skill level 1 in Throwing
  1110 | D:2      | Reached skill level 1 in Armour
  1110 | D:2      | Reached skill level 1 in Shields
  1110 | D:2      | Reached skill level 1 in Unarmed Combat
  1110 | D:2      | Reached skill level 1 in Invocations
  1110 | D:2      | Reached skill level 1 in Evocations
  1110 | D:2      | Reached XP level 4. HP: 29/32 MP: 11/13
  1479 | D:2      | Learned a level 2 spell: Call Imp
  1482 | D:2      | Learned a level 2 spell: Blink
  1486 | D:2      | Learned a level 3 spell: Conjure Flame
  1490 | D:2      | Learned a level 3 spell: Mephitic Cloud
  1631 | D:2      | Noticed Natasha
  1638 | D:2      | Killed Natasha
  1638 | D:2      | Reached skill level 1 in Hexes
  1638 | D:2      | Reached skill level 1 in Charms
  1638 | D:2      | Reached skill level 1 in Necromancy
  1638 | D:2      | Reached skill level 1 in Transmutations
  1638 | D:2      | Reached skill level 1 in Fire Magic
  1638 | D:2      | Reached skill level 1 in Ice Magic
  1638 | D:2      | Reached skill level 1 in Air Magic
  1638 | D:2      | Reached skill level 1 in Earth Magic
  1638 | D:2      | Reached skill level 1 in Poison Magic
  1700 | D:2      | Noticed Natasha
  1705 | D:2      | Killed Natasha
  1705 | D:2      | Reached XP level 5. HP: 37/37 MP: 8/14
  1748 | D:2      | Noticed Natasha
  1765 | D:2      | Killed Natasha
  2824 | D:4      | Noticed Grinder
  3650 | D:4      | Noticed an ogre
  3672 | D:5      | Entered Level 5 of the Dungeon
  3920 | D:5      | Reached XP level 6. HP: 44/44 MP: 10/16
  4261 | D:5      | Noticed a phantom
  4434 | D:5      | Killed a phantom
  4434 | D:5      | Reached skill level 5 in Dodging
  4752 | D:5      | Reached XP level 7. HP: 50/50 MP: 18/18
  5048 | D:6      | Found an ancient bone altar of Kikubaaqudgha.
  5735 | D:6      | Found an opulent altar of Gozag.
  5735 | D:6      | Found a sacrificial altar of Ru.
  5940 | D:6      | Reached skill level 5 in Stealth
  5969 | D:6      | Found a stormy altar of Qazlal.
  6721 | D:7      | Reached XP level 8. HP: 32/57 MP: 14/19
  7122 | D:7      | Found a sparkling altar of Nemelex Xobeh.
  7592 | D:7      | Noticed a two-headed ogre
  7628 | D:7      | Killed a two-headed ogre
  7628 | D:7      | Reached skill level 8 in Spellcasting
  7628 | D:7      | Reached XP level 9. HP: 65/65 MP: 9/21
  7903 | D:8      | Noticed a hornet
  7906 | D:8      | Found a radiant altar of Vehumet.
  7939 | D:8      | Paralysed by a hornet for 1 turns
  8332 | D:8      | Killed a hornet
 10876 | D:7      | Reached skill level 5 in Invocations
 11143 | D:4      | Killed Grinder
 11287 | D:4      | Reached XP level 10. HP: 73/73 MP: 12/22
 11755 | D:4      | Found a staircase to the Ecumenical Temple.
 11761 | Temple   | Entered the Ecumenical Temple
 11903 | Temple   | Became a worshipper of Ashenzari the Shackled
 12696 | D:8      | Noticed Pikel
 12724 | D:8      | Killed Pikel
 12869 | D:8      | Noticed a two-headed ogre
 13105 | D:8      | Killed a two-headed ogre
 13105 | D:8      | Reached skill level 5 in Fighting
 13105 | D:8      | Reached skill level 5 in Short Blades
 13105 | D:8      | Reached skill level 5 in Long Blades
 13105 | D:8      | Reached skill level 5 in Axes
 13105 | D:8      | Reached skill level 5 in Maces & Flails
 13105 | D:8      | Reached skill level 5 in Polearms
 13105 | D:8      | Reached skill level 5 in Staves
 13105 | D:8      | Reached skill level 5 in Slings
 13105 | D:8      | Reached skill level 5 in Bows
 13105 | D:8      | Reached skill level 5 in Crossbows
 13105 | D:8      | Reached skill level 5 in Throwing
 13105 | D:8      | Reached skill level 5 in Armour
 13105 | D:8      | Reached skill level 5 in Shields
 13105 | D:8      | Reached skill level 5 in Unarmed Combat
 13105 | D:8      | Reached skill level 5 in Evocations
 13814 | D:8      | Reached skill level 9 in Spellcasting
 13847 | D:8      | Learned a level 3 spell: Confuse
 13851 | D:8      | Learned a level 3 spell: Tukima's Dance
 14184 | D:9      | Noticed Psyche
 14214 | D:9      | Killed Psyche
 14214 | D:9      | Reached skill level 5 in Conjurations
 14214 | D:9      | Reached skill level 5 in Summonings
 14214 | D:9      | Reached skill level 5 in Translocations
 15975 | D:9      | Noticed Joseph
 16193 | D:9      | Killed Joseph
 16193 | D:9      | Reached XP level 11. HP: 74/81 MP: 16/24
 16342 | D:10     | Entered Level 10 of the Dungeon
 17530 | D:10     | Learned a level 4 spell: Summon Ice Beast
 17535 | D:10     | Learned a level 4 spell: Summon Lightning Spire
 17742 | D:10     | Learned a level 4 spell: Summon Lightning Spire
 17812 | D:11     | Noticed a two-headed ogre
 17829 | D:11     | Found a labyrinth entrance.
 17833 | D:11     | Noticed a cyclops
 17837 | Lab      | Entered a labyrinth
 17837 | Lab      | Reached * piety under Ashenzari
 18790 | Lab      | Noticed a minotaur
 18808 | Lab      | Hit by a javelin thrown by a minotaur

Skill      XL: |  1  2  3  4  5  6  7  8  9 10 11 |
---------------+----------------------------------+-----
Conjurations   | 2 3 4 5 |  5.4
Summonings     | 2 3 4 5 |  5.4
Translocations | 2 3 4 5 |  5.4
Fighting       | 1 2 3 4 5 6 |  6.0
Short Blades   | 1 2 3 4 5 6 |  6.0
Long Blades    | 1 2 3 4 5 6 |  6.0
Axes           | 1 2 3 4 5 6 |  6.0
Maces & Flails | 1 2 3 4 5 6 |  6.0
Polearms       | 1 2 3 4 5 6 |  6.0
Staves         | 1 2 3 4 5 6 |  6.0
Slings         | 1 2 3 4 5 6 |  6.0
Bows           | 1 2 3 4 5 6 |  6.0
Crossbows      | 1 2 3 4 5 6 |  6.0
Throwing       | 1 2 3 4 5 6 |  6.0
Armour         | 1 2 3 4 5 6 |  6.0
Shields        | 1 2 3 4 5 6 |  6.0
Unarmed Combat | 1 2 3 4 5 6 |  6.0
Invocations    | 1 2 3 4 5 6 |  6.5
Evocations     | 1 2 3 4 5 6 |  6.0
Hexes          | 1 2 3 4 |  4.9
Charms         | 1 2 3 4 |  4.9
Necromancy     | 1 2 3 4 |  4.9
Transmutations | 1 2 3 4 |  4.9
Fire Magic     | 1 2 3 4 |  4.9
Ice Magic      | 1 2 3 4 |  4.9
Air Magic      | 1 2 3 4 |  4.9
Earth Magic    | 1 2 3 4 |  4.9
Poison Magic   | 1 2 3 4 |  4.9
Dodging        | 5 6 7 |  7.6
Stealth        | 5 6 7 |  7.4
Spellcasting   | 8 9 |  9.4

Action                   |  1- 3 |  4- 6 |  7- 9 | 10-12 || total
-------------------------+-------+-------+-------+-------++-------
Melee: Short sword       |    14 |    12 |    41 |    74 ||   141
       Unarmed           |     1 |     1 |       |       ||     2
       Bite              |     1 |       |     4 |    11 ||    16
       Hunting sling     |       |       |     1 |       ||     1
 Fire: Hunting sling     |       |    30 |    83 |    91 ||   204
Throw: Stone             |       |     3 |    38 |    64 ||   105
 Cast: Magic Dart        |    46 |   133 |   174 |   167 ||   520
       Call Imp          |       |    17 |    97 |    48 ||   162
       Conjure Flame     |       |       |    10 |    25 ||    35
       Confuse           |       |       |       |    16 ||    16
       Tukima's Dance    |       |       |       |    12 ||    12
       Blink             |       |       |       |     2 ||     2
       Mephitic Cloud    |       |       |       |     4 ||     4
Invok: Curse Item        |       |       |       |     3 ||     3
Evoke: Wand              |       |       |     8 |     3 ||    11
  Use: Scroll            |       |     4 |     7 |    12 ||    23
 Stab: Sleeping          |     3 |     2 |     1 |     5 ||    11
       Distracted        |       |       |     5 |       ||     5
       Confused          |       |       |       |    13 ||    13
  Eat: Chunk             |       |     5 |    16 |    12 ||    33
       Ration            |       |     2 |     1 |     4 ||     7
Armor: Robe              |     7 |    20 |    61 |    31 ||   119
Dodge: Dodged            |    24 |    58 |   182 |   111 ||   375
Block: Buckler           |       |       |    56 |    44 ||   100
